 Dungeon Crawl Stone Soup version 0.31-a0-731-ga75f04deac (webtiles) character file.

Game seed: 10222412612562383144

213 Ijustatesigmund the Magician (level 5, -7/30 HPs)
             Began as a Deep Elf Fire Elementalist on Sept 12, 2023.
             Killed by divine providence
             ... invoked by an orc priest
              (12 damage)
             ... on level 4 of the Dungeon.
             The game lasted 00:07:02 (3546 turns).

Ijustatesigmund the Magician (DEFE)                 Turns: 3546, Time: 00:07:02

Health: -7/30      AC:  3    Str:  5    XL:     5   Next: 59%
Magic:  1/14       EV: 13    Int: 22    God:
Gold:   82         SH:  0    Dex: 17    Spells: 6/13 levels left

rFire   . . .        g - +0 short sword
rCold   . . .        (no shield)
rNeg    . . .        a - +0 robe
rPois   .            (no helmet)
rElec   .            (no cloak)
rCorr   .            d - +0 pair of gloves
SInv    +            (no boots)
Will    .....        f - amulet of regeneration
Stlth   ++           c - ring "Xaogeyz" {Wiz Dex+2 SInv}
HPRegen 1.05/turn    (no ring)
MPRegen 0.14/turn

%: wizardry (x1)
@: no status effects
A: no striking features
a: no special abilities


You were on level 4 of the Dungeon.
You visited 1 branch of the dungeon, and saw 4 of its levels.

You collected 82 gold pieces.

Inventory:

Hand Weapons
 g - a +0 short sword (weapon)
Armour
 a - a +0 robe (worn)
 d - a +0 pair of gloves (worn)
Jewellery
 c - the ring "Xaogeyz" (left hand) {Wiz Dex+2 SInv}
   (You acquired it on level 2 of the Dungeon)

   [ring of wizardry]

   Wiz:       It improves your spell success rate.
   Dex+2:     It affects your dexterity (+2).
   SInv:      It lets you see invisible.
 f - an amulet of regeneration (around neck)
 j - an amulet of the acrobat
Potions
 b - a potion of magic
 e - a potion of enlightenment
 h - a potion of curing
 i - 3 potions of might {unknown}
 k - a potion of degeneration {unknown}
 l - a potion of resistance {unknown}


   Skills:
 + Level 2.1 Fighting
 - Level 2.4 Dodging
 - Level 2.4 Stealth
 + Level 4.6 Spellcasting
 + Level 3.1 Conjurations
 + Level 4.4 Fire Magic


You had 6 spell levels left.
You knew the following spells:

 Your Spells              Type           Power      Damage    Failure   Level
a - Foxfire               Conj/Fire      84%        2x1d8     1%          1
b - Scorch                Fire           48%        2d7       1%          2
c - Flame Wave            Conj/Fire      21%        2d8       9%          4

Your spell library contained the following spells:

 Spells                   Type           Power      Damage    Failure   Level
 Inner Flame              Hex/Fire       14%        N/A       5%          3
 Volatile Blastmotes      Fire/Tloc      28%        2d12      5%          3
 Hailstorm                Conj/Ice       12%        3d5       7%          3
 Summon Guardian Golem    Hex/Summ       5%         N/A       12%         3
 Summon Ice Beast         Ice/Summ       5%         N/A       38%         4
 Simulacrum               Ice/Necr       2%         N/A       99%         6
 Orb of Destruction       Conj           9%         9d6       100%        7
 Spellforged Servitor     Conj/Summ      6%         N/A       100%        7


Dungeon Overview and Level Annotations

Branches:
Dungeon (4/15)
 Temple: D:4-7

Altars:
Kikubaaqudgha
Makhleb

Shops:
D:1 (


Message History

You kill the orc!
You hear a shout!
An orc priest comes into view.
It is wielding a +1 dagger of distortion.
The orc wizard points at you and mumbles some strange words.
The magic dart hits you.
Casting: Scorch (safe; 1% risk of failure)
Confirm with . or Enter, or press ? or * to list all spells.
Flames lash the orc wizard but do no damage.
The orc wizard casts a spell at you.
You are confused.
You're too confused to cast spells.
Unknown command.
Okay, then.
You closely miss the orc priest. The orc priest misses you.
The orc wizard casts a spell at you. The puff of flame hits you!
Ouch! That really hurt!
Unknown command.
You feel better. The orc wizard barely misses you.
The orc priest hits you with a +1 dagger of distortion.
Space warps horribly around you!
Casting: Scorch (safe; 1% risk of failure)
Confirm with . or Enter, or press ? or * to list all spells.
Casting: Flame Wave (quite dangerous; 9% risk of failure)
Press: ? - help, Dir - look around, f - activate A wave of flame ripples out!
The flame wave engulfs the orc wizard!
The orc wizard is severely wounded.
The flame wave engulfs the orc priest!
The orc priest is severely wounded. (Press . to intensify the flame waves.)
The orc priest hits you with a +1 dagger of distortion.
Space warps around you.
* * * LOW HITPOINT WARNING * * *
The orc wizard gestures at you while chanting.
The magic dart hits you.
* * * LOW HITPOINT WARNING * * *
Without enough magic to sustain them, the waves of flame dissipate.
The orc priest invokes the aid of Beogh against you.
Beogh smites you!
You die...

##### #. #....
##.# ##... ...
#... #.. ## #...
#.###. #... #...
#... #o## #...
#@o## ##...
##..## ##.#..
##..# ##.##..
#####>## ##..##..
#....#.##
##..####.
#.....##.###...#
#.
#......##..#...##
#.
#......###.....#
## #......#
##....# #


You could see an orc priest and an orc wizard.

Vanquished Creatures
  A scorpion (D:3)
  An orc priest (D:4)
  Terence (D:2)
  Robin (D:4)
  2 worms (D:2)
  A dart slug (D:1)
  4 orcs (D:4)
  8 ball pythons
  An endoplasm (D:1)
  3 giant cockroaches
  6 hobgoblins
  13 jackals
  3 quokkas (D:1)
  7 bats
  A frilled lizard (D:1)
  9 goblins
  4 kobolds
  6 rats
72 creatures vanquished.

Vanquished Creatures (others)
  102 foxfires
102 creatures vanquished.

Grand Total: 174 creatures vanquished

Notes
Turn   | Place    | Note
-------+----------+-------------------------------------------
     0 | D:1      | Ijustatesigmund the Deep Elf Fire Elementalist began the
                  | quest for the Orb.
     0 | D:1      | Reached XP level 1. HP: 10/10 MP: 6/6
    55 | D:1      | Found Muics's Antique Weapon Emporium.
   282 | D:1      | Reached XP level 2. HP: 4/16 MP: 2/8
   357 | D:1      | Learned a level 2 spell: Scorch
   893 | D:1      | Reached XP level 3. HP: 20/20 MP: 7/10
  1095 | D:1      | Reached skill level 1 in Fighting
  1800 | D:2      | Identified a scroll of acquirement
  1800 | D:2      | Acquired the ring "Xaogeyz" {Wiz Dex+2 SInv}
  1946 | D:2      | Noticed Terence
  1958 | D:2      | Killed Terence
  1959 | D:2      | Reached XP level 4. HP: 25/25 MP: 3/11
  1964 | D:2      | Learned a level 4 spell: Flame Wave
  2238 | D:2      | Found a faded altar of an unknown god.
  2525 | D:2      | Found a burning altar of Makhleb.
  2998 | D:3      | Noticed a scorpion
  3004 | D:3      | Killed a scorpion
  3005 | D:3      | Reached XP level 5. HP: 30/30 MP: 7/13
  3207 | D:3      | Found a burning altar of Makhleb.
  3207 | D:3      | Found an ancient bone altar of Kikubaaqudgha.
  3210 | D:3      | Noticed Robin
  3233 | D:4      | Killed Robin
  3546 | D:4      | Killed from afar by an orc priest

Illustrated notes

Levels and vault maps discovered:
D:1:      nzn_arrival_depleted_hourglass, layout_loops_ring, serial_shops, shop
D:2:      layout_loops_cross, basic_altar,
          hellmonk_ecumenical_altar_inner_sanctum, uniq_terence
D:3:      layout_basic, gammafunk_temple_overflow_wave, uniq_robin, uniq_ijyb
D:4:      layout_cave_pods, nicolae_uskayaw_suspiria, portal_sewer_entry_e,
          kennysheep_generic_room_13, uniq_duvessa

Skill      XL: |  1  2  3  4  5 |
---------------+----------------+-----
Fighting       | 1 2 |  2.1
Conjurations   | 2 3 |  3.1
Spellcasting   | 4 |  4.6
Fire Magic     | 4 |  4.4
Dodging        | |  2.4
Stealth        | |  2.4

Action                     |  1- 3 |  4- 6 || total
---------------------------+-------+-------++-------
  Melee: Short sword       |     9 |    12 ||    21
   Cast: Foxfire           |    46 |    23 ||    69
         Scorch            |    21 |    26 ||    47
         Flame Wave        |       |     1 ||     1
    Use: Scroll            |     5 |     4 ||     9
         Potion            |       |     2 ||     2
 Armour: Robe              |    23 |    23 ||    46
  Dodge: Dodged            |    34 |    23 ||    57

Table legend: (Time is in decaauts)
 A = Elapsed time spent in this place.
 B = Non-inter-level travel time spent in this place.
 C = Inter-level travel time spent in this place.
 D = Time resting spent in this place.
 E = Time spent auto-exploring this place.
 F = Levels seen in this place.
 G = Mean time per level.
                   A        B        C        D        E       F      G
               +--------+--------+--------+--------+--------+-----+--------+
         Total |   3544 |   3482 |     62 |    883 |   2174 |   4 |  886.0 |
       Dungeon |   3544 |   3482 |     62 |    883 |   2174 |   4 |  886.0 |
               +--------+--------+--------+--------+--------+-----+--------+

Top non-repeatable levels by time:
     D:2: 1560 daAuts
     D:1: 1424 daAuts
     D:4: 316 daAuts
     D:3: 242 daAuts
